AoeStats
← powerkek

Arena

506153921Analyzed
4v4 RM · 19d ago on Sep 12, 2026· 57m 37s· 8 players
Game mode
Random Map
Map size
Large (8 player)
Population
200
Speed
Normal
Resources
Standard
Victory
Conquest
Starting age
Dark Age
Ending age
Imperial Age
RankedLock teamsTeams togetherTeam positionsShared explorationLock speedFull tech treeHidden civsTurbo modeCheats
Victory
Defeat
🇸🇰 Italians · Slovakia
1038
+15
🇵🇪 Franks · Peru
1029
+15
🇸🇰 Maya · Slovakia
1008
+16
🇵🇱 Goths · Poland
995
+16
🇹🇷 Huns · Türkiye
1027
-16
🇨🇳 Turks · China
1022
-16
🇹🇷 Goths · Türkiye
1020
-16
🇦🇷 Maya · Argentina
960
-14
zozolini
12:12 Feudal Age
13:04 Double-Bit Axe
13:13 Horse Collar
15:50 Castle Age
17:26 Wheelbarrow
17:03 Heavy Plow
18:03 Bow Saw
23:22 Gold Mining
29:45 Imperial Age
28:33 Forging
28:23 Scale Mail Armor
28:49 Fervor
29:18 Stone Mining
29:59 Anarchy
30:17 Squires
29:38 Man-at-Arms
29:38 Pikeman
31:17 Iron Casting
30:57 Chain Mail Armor
31:33 Scale Barding Armor
32:01 Hand Cart
31:42 Halberdier
33:12 Long Swordsman
34:20 Two-Handed Swordsman
35:14 Devotion
35:35 Sanctity
35:41 Illumination
35:29 Onager
36:42 Champion
40:41 Perfusion
41:33 Loom
41:33 Town Watch
43:55 Two-Man Saw
44:50 Blast Furnace
45:48 Elite Huskarl
49:35 Conscription
48:45 Sappers
57:58 Stone Shaft Mining
57:23 Fletching
57:33 Padded Archer Armor
57:54 Chain Barding Armor
58:14 Crop Rotation
powerkek
0:49 Loom
11:22 Feudal Age
15:15 Castle Age
13:17 Horse Collar
14:50 Loom
15:04 Fletching
16:07 Bodkin Arrow
16:49 Wheelbarrow
21:40 Hand Cart
22:35 Double-Bit Axe
22:54 Gold Mining
26:38 Bow Saw
29:55 Heavy Plow
30:33 Silk Road
30:17 Town Watch
31:06 Padded Archer Armor
32:10 Leather Archer Armor
33:27 Stone Mining
36:15 Imperial Age
37:31 Pirotechnia
37:49 Thumb Ring
38:10 Conscription
40:26 Chemistry
41:26 Man-at-Arms
43:56 Masonry
43:14 Long Swordsman
43:54 Squires
45:24 Architecture
45:06 Fortified Wall
Iraqi Fairy Queen
0:26 Loom
11:01 Feudal Age
11:52 Double-Bit Axe
16:39 Castle Age
14:50 Scale Mail Armor
15:22 Horse Collar
17:07 Forging
17:35 Squires
20:13 Gold Mining
20:38 Eagle Warrior
23:19 Chain Mail Armor
24:26 Iron Casting
36:42 Hul'che Javelineers
38:18 Wheelbarrow
42:22 Imperial Age
39:33 Pikeman
44:18 Blast Furnace
45:58 Elite Eagle Warrior
47:34 Plate Mail Armor
48:03 Conscription
47:16 Halberdier
48:04 Fletching
48:15 Padded Archer Armor
48:23 Crossbowman
49:20 Bodkin Arrow
49:41 Leather Archer Armor
50:02 Bracer
50:19 Thumb Ring
50:24 Arbalester
52:51 Ballistics
53:33 Chemistry
56:09 Holcans
56:17 Man-at-Arms
57:43 Caravan
larc87
9:44 Feudal Age
16:41 Castle Age
14:40 Double-Bit Axe
16:35 Scale Barding Armor
17:04 Gold Mining
19:44 Husbandry
20:18 Forging
24:59 Chain Barding Armor
26:55 Loom
30:29 Imperial Age
28:27 Bow Saw
29:19 Wheelbarrow
31:41 Iron Casting
31:04 Stone Mining
31:51 Gold Shaft Mining
31:04 Cavalier
32:51 Hand Cart
35:07 Blast Furnace
35:45 Plate Barding Armor
35:42 Town Watch
37:13 Paladin
38:44 Padded Archer Armor
38:35 Fletching
39:09 Ballistics
39:50 Chemistry
38:46 Murder Holes
41:11 Leather Archer Armor
40:57 Bodkin Arrow
40:55 Light Cavalry
43:49 Fortified Wall
47:20 Chivalry
55:02 Elite Throwing Axeman
55:57 Scale Mail Armor
55:45 Gambesons
56:00 Squires
55:46 Arson
58:09 Chain Mail Armor
you go die
0:27 Loom
12:05 Feudal Age
14:23 Double-Bit Axe
16:42 Castle Age
15:03 Gold Mining
15:17 Horse Collar
16:01 Stone Mining
16:06 Fletching
17:03 Crossbowman
22:55 Wheelbarrow
25:32 Thumb Ring
25:34 Town Watch
25:57 Eagle Warrior
26:52 Forging
26:42 Scale Mail Armor
28:38 Hand Cart
Tiger Chicky Face
11:44 Feudal Age
16:45 Castle Age
14:37 Double-Bit Axe
14:55 Horse Collar
16:58 Wheelbarrow
17:36 Bow Saw
18:53 Heavy Plow
23:54 Gold Mining
27:32 Hand Cart
27:38 Marauders
27:50 Husbandry
28:01 Bloodlines
27:42 Fletching
29:58 Gold Shaft Mining
33:18 Imperial Age
30:54 Loom
30:54 Town Watch
31:27 Forging
32:14 Padded Archer Armor
32:20 Scale Barding Armor
32:30 Town Patrol
33:37 Iron Casting
33:23 Chain Barding Armor
33:53 Bodkin Arrow
34:29 Conscription
33:52 Cavalier
35:34 Blast Furnace
35:40 Blast Furnace
34:42 Bracer
36:02 Parthian Tactics
35:51 Elite Tarkan
37:25 Plate Barding Armor
37:12 Ballistics
36:28 Paladin
38:57 Heavy Cavalry Archer
48:29 Stone Mining
49:03 Squires
48:23 Man-at-Arms
51:31 Light Cavalry
52:11 Hussar
Serkan1076
9:22 Loom
11:07 Feudal Age
11:47 Double-Bit Axe
17:04 Castle Age
17:59 Wheelbarrow
19:05 Bow Saw
21:09 Horse Collar
22:26 Forging
26:24 Hand Cart
26:16 Town Watch
28:05 Squires
28:22 Forging
28:44 Scale Mail Armor
29:05 Gold Mining
29:08 Stone Mining
32:06 Imperial Age
31:18 Iron Casting
31:28 Anarchy
32:06 Chain Mail Armor
33:24 Conscription
34:21 Blast Furnace
33:38 Elite Huskarl
34:21 Perfusion
33:55 Pikeman
36:18 Two-Man Saw
35:31 Heavy Plow
35:26 Halberdier
37:34 Crop Rotation
~斑驳~
3:36 Loom
10:17 Feudal Age
15:21 Castle Age
13:34 Horse Collar
17:47 Loom
21:44 Wheelbarrow
21:55 Town Watch
25:16 Heavy Plow
36:32 Imperial Age
34:51 Gold Mining
34:53 Stone Mining
35:43 Fortified Wall
38:54 Hand Cart
39:05 Guilds
39:55 Conscription
40:20 Caravan
41:51 Double-Bit Axe
43:54 Coinage
43:54 Treadmill Crane
44:25 Masonry
46:12 Bow Saw
47:35 Parthian Tactics
48:24 Sipahi
49:16 Gold Shaft Mining
49:42 Thumb Ring
49:59 Ballistics
51:42 Bombard Tower
51:19 Murder Holes
53:06 Artillery
Connection lost

Rejoining the realm…

Still unreachable

The connection could not be restored.

Session expired

The server has moved on; the page needs a fresh start.